Map: Orbital Shipyard

Players

EUEUEUEU - Winner!

  • Race: Protoss Protoss
  • League: Platinum

LilDicky

  • Race: Zerg Zerg
  • League: Diamond

VOD

http://www.twitch.tv/tumescentpie

Description

Time

  • Played on: Nov. 26, 2015, 9:30 a.m.
  • Length: 12:46
Show
View Real Time Build Order
Export as new Build Order

EUEUEUEU Protoss - Winner!

Build Orders: Nexus First 

Get SALT Encoding   

  12  0:01  Probe (Chrono Boost)  
  13  0:11  Probe (Chrono Boost)  
  14  0:18  Pylon  
  14  0:22  Probe (Chrono Boost)  
  15  0:36  Probe (Chrono Boost)  
  16  0:47  Probe (Chrono Boost)  
  17  0:57  Probe (Chrono Boost)  
  17  1:02  Nexus  
  18  1:08  Probe (Chrono Boost)  
  19  1:15  Gateway  
  19  1:18  Probe (Chrono Boost)  
  19  1:24  Assimilator  
  20  1:30  Probe (Chrono Boost)  
  21  1:34  Assimilator  
  21  1:41  Probe (Chrono Boost)  
  21  1:42  Pylon  
  22  1:53  Probe (Chrono Boost)  
  22  2:15  Cybernetics Core  
  22  2:20  Pylon  
  22  2:23  Zealot (Chrono Boost)  
  22  2:25  Probe (Chrono Boost)  
  22  2:26  Probe (Chrono Boost)  
  26  2:35  Probe x2 (Chrono Boost)  
  28  2:54  Stalker (Chrono Boost)  
  30  3:00  Probe  
  30  3:01  Probe  
  32  3:08  Robotics Facility  
  32  3:10  Probe  
  33  3:13  Probe  
  33  3:18  Pylon  
  34  3:21  Probe  
  34  3:23  Warp Gate (Chrono Boost)  
  34  3:26  Probe  
  36  3:32  Probe  
  37  3:38  Probe  
  37  3:39  Sentry  
  40  3:42  Probe  
  41  3:49  Forge  
  41  3:50  Probe, Gateway  
  41  3:53  Probe  
  41  3:55  Gateway  
  43  3:58  Immortal (Chrono Boost)  
  47  4:08  Sentry  
  49  4:11  Probe  
  49  4:15  Pylon  
  50  4:24  Protoss Ground Weapons Level 1 (Chrono Boost)  
  50  4:26  Probe  
  50  4:27  Probe  
  52  4:36  Assimilator  
  52  4:37  Warp Prism (Chrono Boost)  
  54  4:44  Gateway  
  54  4:45  Probe  
  55  4:46  Gateway  
  55  4:47  Assimilator  
  55  4:48  Gateway  
  55  4:54  Probe  
  56  5:02  Probe  
  56  5:05  Probe  
  58  5:21  Probe  
  58  5:22  Probe  
  58  5:26  Immortal (Chrono Boost)  
  64  5:30  Robotics Bay  
  64  5:47  Pylon  
  64  5:52  Nexus  
  64  5:57  Pylon  
  64  6:04  Probe, Pylon  
  64  6:05  Probe  
  66  6:13  Immortal (Chrono Boost)  
  66  6:14  Probe  
  66  6:18  Probe  
  72  6:21  Protoss Ground Armor Level 1  
  72  6:30  Probe  
  72  6:32  Adept x2  
  75  6:33  Adept x4  
  75  6:39  Pylon  
  85  6:42  Mothership Core  
  85  6:47  Disruptor (Chrono Boost)  
  86  6:49  Probe  
  79  6:56  Stalker x3  
  79  7:00  Twilight Council, Probe  
  85  7:04  Probe  
  85  7:05  Probe  
  88  7:10  Probe  
  89  7:16  Probe  
  89  7:18  Disruptor (Chrono Boost)  
  89  7:19  Probe  
  89  7:21  Probe  
  76  7:44  Probe x2  
  76  7:46  Probe  
  76  7:50  Assimilator  
  79  7:51  Assimilator  
  79  7:53  Adept x3  
  79  7:54  Adept x3  
  79  7:55  Probe x2  
  79  7:58  Probe  
  94  8:04  Protoss Ground Weapons Level 2 (Chrono Boost)  
  90  8:14  Blink (Chrono Boost)  
  90  8:16  Probe x2  
  90  8:18  Probe  
  91  8:28  Probe x3  
  94  8:40  Probe x2  
  96  8:42  Probe  
  96  8:48  Nexus, Disruptor  
  100  8:51  Stalker x4  
  100  8:52  Probe  
  109  8:57  Pylon  
  109  9:00  Pylon  
  109  9:02  Pylon  
  109  9:05  Pylon  
  109  9:09  Pylon  
  109  9:14  Probe  
  109  9:15  Probe x2  
  112  9:21  Stalker x6  
  112  9:23  Disruptor (Chrono Boost)  
  125  9:24  Probe  
  125  9:27  Probe x2  
  120  9:53  Stalker x2  
  120  9:58  Disruptor (Chrono Boost), Pylon  
  120  9:59  Pylon  
  121  10:21  Nexus  
  121  10:23  Pylon  
  121  10:25  Pylon  
  121  10:27  Pylon  
  121  10:31  Disruptor (Chrono Boost)  
  121  10:32  Pylon  
  121  10:34  Pylon  
  121  10:35  Probe  
  125  10:41  Stalker, Probe  
  125  10:42  Stalker x2  
  132  10:58  Stalker x2  
  132  10:59  Stalker  
  132  11:03  Observer  
  139  11:05  Gateway  
  139  11:07  Gateway x2  
  139  11:09  Gateway  
  139  11:13  Gateway  
  139  11:15  Gateway  
  139  11:16  Gateway  
  139  11:19  Stalker x2  
  139  11:21  Adept x2  
  139  11:23  Assimilator  
  147  11:28  Assimilator  
  141  12:19  Stalker x3  
  141  12:20  Stalker x3  
  145  12:44  Stalker x4  
  145  12:45  Stalker x2  
Show
View Real Time Build Order
Export as new Build Order

LilDicky Zerg 

Build Orders: Pool First 

Get SALT Encoding   

  12  0:04  Drone  
  13  0:13  Drone  
  14  0:29  Spawning Pool  
  14  0:31  Drone  
  14  1:06  Hatchery  
  13  1:19  Overlord  
  13  1:20  Zergling x2  
  13  1:23  Extractor  
  13  1:24  Extractor, Queen  
  15  1:56  Drone x3  
  18  2:17  Drone  
  19  2:34  Drone x2  
  19  2:35  Drone x4, Queen  
  27  2:37  Overlord  
  26  2:57  Extractor  
  25  3:00  Drone x2  
  27  3:06  Metabolic Boost  
  27  3:08  Hatchery  
  27  3:10  Drone  
  27  3:19  Lair  
  28  3:47  Queen  
  30  3:53  Overlord  
  30  3:57  Drone  
  30  3:58  Drone x4  
  30  4:02  Overlord  
  35  4:12  Drone  
  35  4:13  Drone x7  
  43  4:26  Roach Warren  
  43  4:27  Extractor  
  41  4:33  Extractor  
  41  4:35  Extractor  
  39  4:41  Queen  
  39  4:45  Drone x6, Extractor  
  45  4:46  Drone x5, Extractor  
  50  5:09  Glial Reconstitution  
  50  5:14  Overlord  
  50  5:17  Overlord  
  50  5:20  Overlord  
  50  5:39  Roach  
  50  5:40  Roach x13  
  78  6:01  Roach  
  78  6:02  Overlord x3  
  80  6:26  Roach x3  
  80  6:27  Roach x9  
  102  6:38  Roach  
  102  6:39  Roach x2  
  99  6:49  Roach x3  
  105  7:07  Overlord x4  
  105  7:13  Roach  
  56  7:43  Roach  
  56  7:44  Roach x8  
  56  7:49  Queen x2  
  68  7:54  Roach  
  68  7:55  Roach x3  
  76  7:58  Roach  
  76  7:59  Roach  
  76  8:03  Roach  
  77  8:19  Ravager  
  79  8:20  Ravager x3  
  79  8:24  Roach x4  
  79  8:25  Drone, Roach x3  
  79  8:26  Drone  
  97  8:45  Roach x5  
  97  8:46  Drone, Roach x2  
  112  8:52  Queen  
  114  9:21  Roach x10  
  134  10:03  Roach x2  
  134  10:04  Overlord x2  
  134  10:05  Overlord x2  
  86  10:23  Roach x10  
  86  10:24  Roach x3  
  112  10:30  Spire  
  112  10:35  Drone  
  112  10:36  Drone x2  
  114  10:56  Roach x4  
  122  11:15  Ravager x6  
  128  11:40  Roach  
  128  11:41  Roach x2  
  134  11:50  Drone  
  134  11:51  Drone x8  
Tags
 
Add a new tag
Caveats
  • Supply blocks, unpowered buildings, or Contaminate may cause inaccurate times.
  • Supply counts are checked every 10 seconds.